 Dungeon Crawl Stone Soup version bcrawl-1.15.1-4-g77d781cab4 (webtiles) character file.

Game seed: 10771819331018186677

140 Gumption the Magician (level 5, -2/31 HPs)
             Began as a Fairy Wizard on Oct 12, 2019.
             Slain by Blork the orc
             ... wielding a +1 glaive of chopping
              (9 damage)
             ... on level 4 of the Dungeon.
             The game lasted 00:21:28 (2530 turns).

Gumption the Magician (Fairy Wizard)                Turns: 2530, Time: 00:21:28

Health: -2/31      AC:  6    Str:  5    XL:     5   Next: 23%
Magic:  14/14      EV: 17    Int: 22    God:
Gold:   138        SH:  4    Dex: 11    Spells: 2/14 levels left

rFire    . . .     SeeInvis .   a - +0 staff
rCold    . . .     Gourm    .   (shield currently unavailable)
rNeg     . . .     Faith    .   (armour unavailable)
rPois    .         Spirit   .   b - +1 hat
rElec    .         Reflect  .   (no cloak)
rCorr    .         Harm     .   (no gloves)
MR       .....                  q - +0 pair of boots
Stlth    +.........             (no amulet)
HPRegen  0.10/turn              (no ring)
MPRegen  0.14/turn              (no ring)

@: flying evasively
A: small, magic attunement, unstealthy, unfitting armour, able to fly, AC/SH +4
a: Stop Flying


You were on level 4 of the Dungeon.
You were not hungry.

You visited 1 branch of the dungeon, and saw 4 of its levels.

You collected 138 gold pieces.

Inventory:

Hand Weapons
 a - a +0 staff (weapon)
Missiles
 c - 967 stones (quivered)
Armour
 b - a +1 hat (worn)
 q - a +0 pair of boots (worn)
Jewellery
 o - an uncursed amulet of faith {unknown}
Wands
 v - a wand of acid (6)
Scrolls
 g - a scroll of teleportation
 h - 3 scrolls of remove curse
 m - a scroll of fog
Potions
 f - a potion of brilliance {unknown}
 i - 2 potions of heal wounds {unknown}
 j - a potion of magic {unknown}
 k - a potion of mutation {unknown}
 l - a potion of agility {unknown}
 n - 3 potions of berserk rage
 s - a potion of invisibility {unknown}
Comestibles
 d - 5 rations {!d}


   Skills:
 + Level 4.1 Dodging
 - Level 1.5 Stealth
 + Level 5.0 Spellcasting
 * Level 4.2 Conjurations
 - Level 1.1 Summonings
 - Level 1.0 Translocations


You had 2 spell levels left.
You knew the following spells:

 Your Spells              Type           Power        Failure   Level  Hunger
a - Magic Dart            Conj           ###.         1%          1    None
b - Slow                  Hex            #.......     10%         1    None
c - Call Imp              Summ           ##......     10%         2    None
d - Blink                 Tloc           N/A          10%         2    None
e - Conjure Flame         Conj/Fire      ##......     13%         3    None
f - Mephitic Cloud        Conj/Pois/Air  ##......     17%         3    None

Your spell library contained the following spells:

 Spells                   Type           Power        Failure   Level  Hunger


Dungeon Overview and Level Annotations

Branches:
Dungeon (4/12)
 Temple: D:4-7

Altars:
Cheibriados

Shops:
D:4 ?

Annotations:
D:3 2 transporters, FishyPogo's ghost, amateur DrEE
D:4 Blork the orc


Innate Abilities, Weirdness & Mutations

Your spells do not cause hunger and MP costs are reduced by 1.
Your bright wings attract enemies. (Stealth-)
You cannot fit into any form of body armour.
Your shimmering scales are hard and can block incoming attacks. (AC +4, SH +4)
You are small and have problems with some larger weapons.
You can fly continuously.


Message History

Blork the orc is severely wounded.
Blork the orc screams, "I'll decorate my home with your organs!"
Blork the orc closely misses you.
Casting: Magic Dart (safe; 1% risk of failure)
Confirm with . or Enter, or press ? or * to list all spells.
Aiming: Magic Dart (safe; 1% risk of failure)
Press: ? - help, Shift-Dir - straight line, f/p - Blork the orc
Aim: Blork the orc, wielding a +1 glaive of chopping and wearing a +2 robe of positive energy (severely wounded, fast)
The magic dart hits Blork the orc.
Blork the orc is almost dead.
Blork the orc barely misses you.
Casting: Magic Dart (safe; 1% risk of failure)
Confirm with . or Enter, or press ? or * to list all spells.
Aiming: Magic Dart (safe; 1% risk of failure)
Press: ? - help, Shift-Dir - straight line, f/p - Blork the orc
Aim: Blork the orc, wielding a +1 glaive of chopping and wearing a +2 robe of positive energy (almost dead, fast)
The magic dart hits Blork the orc.
Blork the orc is almost dead.
Blork the orc hits you from afar with a +1 glaive of chopping!
You die...

******,,,,,** *,*
,,,,,,,,,,..* *,*
*****,,,,,..* *,*
,,,,,,,,,,#.* *,*
*****,**,*#.* *,*
*****,**,*#.* *,*
,,,,,,,,,*#.* *,*
*,***,****#.########
*,* *,* *,*
#...o.@..######.#
*,* *,*
#######.........#
*,* *,* #>.########
*,* *,* #..# *,* *,*
#..# *,* *,* #..#
*,***,* #.)# ,,,,,,*
#..# *,*****
#####..#


You could see Blork the orc.

Vanquished Creatures
  An orc wizard (D:3)
  2 adders (D:3)
  A gnoll (D:1)
  An ooze (D:1)
  A worm (D:3)
  2 dart slugs (D:2)
  4 leopard geckos
  11 orcs
  3 giant cockroaches
  3 goblins
  9 hobgoblins
  2 quokkas
  2 ball pythons (D:1)
  3 bats
  3 frilled lizards
  6 kobolds
  7 rats
61 creatures vanquished.

Notes
Turn   | Place    | Note
-------+----------+-------------------------------------------
     0 | D:1      | Gumption the Fairy Wizard began the quest for the Orb.
     0 | D:1      | Reached XP level 1. HP: 11/11 MP: 7/7
     4 | D:1      | Learned a level 1 spell: Slow
   101 | D:1      | Reached XP level 2. HP: 15/17 MP: 9/9
   323 | D:1      | Reached XP level 3. HP: 21/21 MP: 10/10
  1384 | D:2      | Reached XP level 4. HP: 27/27 MP: 12/12
  1672 | D:3      | Learned a level 2 spell: Call Imp
  1675 | D:3      | Learned a level 2 spell: Blink
  1679 | D:3      | Learned a level 3 spell: Conjure Flame
  1683 | D:3      | Learned a level 3 spell: Mephitic Cloud
  1686 | D:3      | Found a transporter.
  1687 | D:3      | Identified the +7 dire flail of Forgiveness {crush, Str+4
                  | SInv}
  1687 | D:3      | Noticed an ogre
  1687 | D:3      | Noticed FishyPogo's ghost (amateur DrEE)
  1688 | D:3      | Noticed an ogre
  1690 | D:3      | Noticed an ogre
  1695 | D:3      | Found a transporter.
  1725 | D:3      | Found a snail-covered altar of Cheibriados.
  2271 | D:3      | Reached skill level 5 in Spellcasting
  2271 | D:3      | Reached XP level 5. HP: 14/31 MP: 12/14
  2479 | D:4      | Found Inuhua's Magic Scroll Boutique.
  2506 | D:4      | Noticed Blork the orc
  2530 | D:4      | Slain by Blork the orc

Skill      XL: |  1  2  3  4 |
---------------+-------------+-----
Dodging        | 3 4 |  4.1
Conjurations   | 2 3 4 |  4.2
Spellcasting   | 5 |  5.0
Stealth        | |  1.5
Summonings     | |  1.1
Translocations | |  1.0

Action                   |  1- 3 |  4- 6 || total
-------------------------+-------+-------++-------
Melee: Staff             |       |     3 ||     3
Throw: Stone             |       |     1 ||     1
 Cast: Magic Dart        |    84 |   100 ||   184
       Slow              |     2 |     1 ||     3
  Use: Scroll            |       |     7 ||     7
  Eat: Chunk             |     1 |     4 ||     5
Armor: Skin              |     4 |     5 ||     9
Dodge: Dodged            |    15 |    29 ||    44
Block: Other             |     3 |     3 ||     6
